 Dungeon Crawl Stone Soup version 0.30.1-11-g7821555f0a (webtiles) character file.

Game seed: 6408022572147899849

443 lonewolfV2 the Trooper (level 6, 0/51 HPs)
             Began as a Demonspawn Fighter on Oct 31, 2023.
             Was a Priest of Nemelex Xobeh.
             Succumbed to a killer bee's poison
             ... on level 7 of the Dungeon.
             The game lasted 00:07:57 (3723 turns).

lonewolfV2 the Trooper (Demonspawn Fighter)         Turns: 3723, Time: 00:07:58

Health: 0/51       AC: 11    Str: 18    XL:     6   Next: 71%
Magic:  6/6        EV:  7    Int: 13    God:    Nemelex Xobeh [***...]
Gold:   247        SH:  4    Dex: 14    Spells: 5/5 levels left

rFire   + . .        a - +0 war axe
rCold   . . .        c - +0 buckler
rNeg    . . .        n - +0 chain mail
rPois   .            (no helmet)
rElec   .            l - +0 cloak
rCorr   .            e - +0 pair of gloves
SInv    .            (no boots)
Will    +....        (no amulet) Stlth
                     i - ring "Biogousk" {rF+ Will+ Int+3 Dex+2 Stlth-}
HPRegen 0.28/turn    (no ring)
MPRegen 0.10/turn

%: no passive effects
@: lethally poisoned (0 -> -16)
A: hooves 2, powered by death 1
a: Renounce Religion, Draw Escape, Draw Destruction, Draw Summoning, Triple Draw


You were on level 7 of the Dungeon.
You worshipped Nemelex Xobeh.
Nemelex Xobeh was most pleased with you.
You visited 1 branch of the dungeon, and saw 5 of its levels.

You collected 247 gold pieces.

Inventory:

Hand Weapons
 a - a +0 war axe (weapon)
Armour
 c - a +0 buckler (worn)
 e - a +0 pair of gloves (worn)
 l - a +0 cloak (worn)
 n - a +0 chain mail (worn)
Jewellery
 i - the ring "Biogousk" (left hand) {rF+ Will+ Int+3 Dex+2 Stlth-}
   (You found it on level 2 of the Dungeon)

   [ring of protection from fire]

   Int:       It affects your intelligence (+3).
   Dex:       It affects your dexterity (+2).
   rF:        It protects you from fire.
   Will:      It increases your willpower.
   Stlth:     It makes you less stealthy.
Scrolls
 m - a scroll of blinking {unknown}
Potions
 b - a potion of lignification {unknown}
 d - a potion of might
 f - 2 potions of brilliance
 g - 4 potions of attraction
 h - a potion of flight {unknown}
 j - 4 potions of curing {unknown}
 k - a potion of magic {unknown}
 o - a potion of heal wounds {unknown}
 p - a potion of berserk rage {unknown}


   Skills:
 + Level 5.4 Fighting
 + Level 5.0 Axes
 - Level 2.6 Armour
 - Level 2.6 Shields
 - Level 1.2 Invocations


You had 5 spell levels left.
You didn't know any spells.
Your spell library contained the following spells:

 Spells                   Type           Power      Damage    Failure   Level
 Sandblast                Erth           0%         2d4       98%         1
 Blink                    Tloc           0%         N/A       99%         2
 Lesser Beckoning         Tloc           0%         N/A       99%         2
 Momentum Strike          Conj/Tloc      0%         3d8       99%         2
 Passwall                 Tmut/Erth      0%         N/A       99%         2
 Sublimation of Blood     Necr           0%         N/A       99%         2
 Wereblood                Tmut           0%         N/A       99%         2
 Stone Arrow              Conj/Erth      0%         3d7       100%        3
 Alistair's Intoxication  Tmut/Pois      0%         N/A       100%        5
 Borgnjor's Vile Clutch   Necr/Erth      0%         N/A       100%        5
 Eringya's Noxious Bog    Tmut/Pois      0%         N/A       100%        6
 Summon Hydra             Summ           0%         N/A       100%        7


Dungeon Overview and Level Annotations

Branches:
Dungeon (4/15)
 Temple: D:4-7

Altars:
Hepliaklqana
Nemelex Xobeh
Okawaru
Trog
Vehumet

Annotations:
D:7 Maggie


Innate Abilities, Weirdness & Mutations

You have hoof-like feet.
You regenerate a little health from kills.


Message History

You miss something.
You hit the howler monkey but do no damage.
The howler monkey hits you. Something hits you but does no damage.
The howler monkey hoots and howls with incredible vigour!
Maggie gestures wildly while chanting.
Maggie attempts to bespell you! You resist with almost no effort.
Something hits you but does no damage.
You hit something but do no damage. You hit the howler monkey.
The howler monkey hits you but does no damage.
You hear some strange, mumbled words.
You hit something. You hit the howler monkey.
You kill the howler monkey!
The howler monkey's corpse dissolves into shadows!
You miss the killer bee. The killer bee barely misses you.
Something hits you but does no damage. The killer bee closely misses you.
You block the killer bee's attack.
The killer bee stings you but does no damage.
You block the killer bee's attack. Something hits you but does no damage.
You draw a card...
You have drawn the Rangers.
The killer bee barely misses you. x2; The killer bee stings you.
The killer bee stings you but does no damage.
The killer bee stings you.
* * * LOW HITPOINT WARNING * * *
You are poisoned.
The killer bee poisons you!
The killer bee stings you but does no damage.
Maggie barely misses your centaur warrior.
The killer bee stings you.
* * * LOW HITPOINT WARNING * * *
You block the killer bee's attack.
The killer bee stings you but does no damage.
You block the killer bee's attack. The killer bee stings you.
* * * LOW HITPOINT WARNING * * *
You are more poisoned.
The killer bee poisons you! The killer bee completely misses you.
Something hits you.
* * * LOW HITPOINT WARNING * * *
You draw a card...
You have drawn the Tomb.
Walls emerge from the floor!
You die...
Your body glows with a rainbow of weird colours and disappears.

###### #.............#
....#############....
#....+...............
#....#..########..).#
#...##...##..##....#
#...##.#.##.........
#...+..#.##..##....#
#cyyy..# ##..##....#
##{@y..# #..##....#
#cy#y..# ##.<+......
#@.....# #...#......
.........#.#...#......
..>.......#.##'##.#.#.#
...##.######.##..#......
... #. .....#...#.#.#.#
.. #. ######...+......
##..#.#.#.#


You could see Maggie (ally target), 6 killer bees and 2 friendly centaur
warriors.

Vanquished Creatures
  An orc warrior (D:4)
  A sky beast (D:7)
  A jelly (D:4)
  An orc priest (D:4)
  A hound (D:4)
  An orc wizard (D:4)
  3 adders
  A gnoll (D:1)
  A white imp (D:7)
  4 worms
  A dart slug (D:3)
  6 orcs
  7 endoplasms
  6 giant cockroaches
  6 goblins
  10 hobgoblins
  4 jackals (D:3)
  3 quokkas
  6 ball pythons
  5 bats
  2 frilled lizards
  9 kobolds
  7 rats
87 creatures vanquished.

Notes
Turn   | Place    | Note
-------+----------+-------------------------------------------
     0 | D:1      | lonewolfV2 the Demonspawn Fighter began the quest for the
                  | Orb.
     0 | D:1      | Reached XP level 1. HP: 18/18 MP: 1/1
    88 | D:1      | Found a faded altar of an unknown god.
    89 | D:1      | Noticed a shining eye
    91 | D:1      | Noticed an eye of devastation
    91 | D:1      | Noticed a golden eye
    91 | D:1      | Noticed a shining eye
    95 | D:1      | Reached skill level 1 in Invocations
    95 | D:1      | Gained mutation: You have large cloven feet. [demonic
                  | ancestry]
    95 | D:1      | Reached XP level 2. HP: 10/24 MP: 2/2
   301 | D:1      | Prayed at the altar of an unknown god.
   301 | D:1      | Became a worshipper of Nemelex Xobeh the Trickster
   301 | D:1      | Reached * piety under Nemelex Xobeh
   313 | D:1      | Received a gift from Nemelex Xobeh
   553 | D:1      | Reached XP level 3. HP: 28/29 MP: 3/3
  1299 | D:2      | Received a gift from Nemelex Xobeh
  1303 | D:2      | Reached ** piety under Nemelex Xobeh
  1335 | D:2      | Received a gift from Nemelex Xobeh
  1381 | D:2      | Identified the ring "Biogousk" {rF+ Will+ Int+3 Dex+2
                  | Stlth-}
  1443 | D:2      | Gained mutation: You regenerate a little health from kills.
                  | [demonic ancestry]
  1443 | D:2      | Reached XP level 4. HP: 35/36 MP: 4/4
  2040 | D:3      | Found a hazy altar of Hepliaklqana.
  2087 | D:3      | Found a bloodstained altar of Trog.
  2177 | D:3      | Found a radiant altar of Vehumet.
  2177 | D:3      | Found an iron altar of Okawaru.
  2596 | D:3      | Received a gift from Nemelex Xobeh
  2852 | D:4      | Reached XP level 5. HP: 42/42 MP: 5/5
  2886 | D:4      | Reached *** piety under Nemelex Xobeh
  2931 | D:4      | Noticed an orc warrior
  2933 | D:4      | Killed an orc warrior
  2934 | D:4      | Gained mutation: You have hoof-like feet. [demonic
                  | ancestry]
  2934 | D:4      | Reached XP level 6. HP: 49/49 MP: 6/6
  2952 | D:4      | Reached skill level 5 in Fighting
  3181 | D:4      | You fall into a shaft and drop 3 floors!
  3314 | D:7      | Noticed a sky beast
  3327 | D:7      | Killed a sky beast
  3328 | D:7      | Reached skill level 5 in Axes
  3709 | D:7      | Noticed a sky beast
  3711 | D:7      | a sky beast changed into a boggart
  3718 | D:7      | Noticed Maggie
  3723 | D:7      | Succumbed to a killer bee's poison

Illustrated notes

Levels and vault maps discovered:
D:1:      ebering_hopf_link, layout_loops_ring,
          hellmonk_ecumenical_altar_watching_god, serial_bayou_pond_b,
          chequers_big_river
D:2:      layout_basic
D:3:      wander_river, layout_loops_ring, mainiacjoe_overflow_paths, trog_book,
          minitemple
D:4:      layout_basic, guppyfry_early_orc_mine, uniq_robin
D:7:      layout_gridville, serial_co_window_serial, co_window_corner_a,
          co_window_corner_a, co_window_paths_b, co_window_of_opportunity_a,
          co_window_paths_b, co_window_cross_4, co_window_of_opportunity_c,
          co_window_broadway_a, co_window_broadway_b, co_window_corner_b,
          co_window_paths_d, glass_columns_b, glass_columns_a,
          hellmonk_bongcloud_opening, grunt_decor_cap, uniq_pikel, uniq_maggie

Skill      XL: |  1  2  3  4  5  6 |
---------------+-------------------+-----
Axes           | 2 3 4 5 |  5.0
Invocations    | 1 |  1.2
Fighting       | 4 5 |  5.4
Armour         | |  2.6
Shields        | |  2.6

Action                     |  1- 3 |  4- 6 || total
---------------------------+-------+-------++-------
  Melee: War axe           |   101 |   129 ||   230
         Kick              |    20 |    30 ||    50
 Invoke: Draw Destruction  |       |     4 ||     4
         Draw Escape       |       |     1 ||     1
         Draw Summoning    |       |     1 ||     1
    Use: Scroll            |     3 |     4 ||     7
 Armour: Scale mail        |    67 |    11 ||    78
         Chain mail        |       |    78 ||    78
  Dodge: Dodged            |    59 |    50 ||   109
  Block: Buckler           |    31 |    31 ||    62
